 Dungeon Crawl Stone Soup version 0.21.1-68-g103a7afc0a (webtiles) character file.

686 Raybro228 the Covert (level 7, -7/50 HPs)
             Began as a Vampire Assassin on Aug 2, 2018.
             Was an Initiate of Makhleb.
             Mangled by a killer bee (8 damage)
             ... on level 7 of the Dungeon.
             The game lasted 01:00:26 (7584 turns).

Raybro228 the Covert (Vampire Assassin)             Turns: 7584, Time: 01:00:29

Health: -7/50      AC:  0    Str: 10    XL:     7   Next: 35%
Magic:  7/7        EV: 23    Int: 13    God:    Makhleb [......]
Gold:   301        SH:  0    Dex: 23    Spells: 6/6 levels left

rFire    . . .     SeeInvis +   (weapon currently unavailable)
rCold    + . .     Gourm    .   (shield currently unavailable)
rNeg     + + .     Faith    .   (armour currently unavailable)
rPois    +         Spirit   .   (helmet currently unavailable)
rElec    .         Reflect  .   (cloak currently unavailable)
rCorr    .         Harm     .   (gloves currently unavailable)
MR       .....                  (boots currently unavailable)
Stlth    +++++++...             (no amulet)
HPRegen  0.08/turn              (ring currently unavailable)
MPRegen  0.10/turn              (ring currently unavailable)

@: lethally poisoned (-7 -> -11), bat-form, flying, regenerating slowly, very
quick
A: tiny, fangs 3, see invisible
a: End Transformation, Renounce Religion


You were on level 7 of the Dungeon.
You worshipped Makhleb.
Makhleb was noncommittal.
You were very thirsty.
You were in vampire-bat-form.
You visited 2 branches of the dungeon, and saw 8 of its levels.

You collected 301 gold pieces.

Inventory:

Hand Weapons
 a - a +2 dagger (melded)
 b - a +0 blowgun
 r - a +0 club
Missiles
 e - 26 poisoned needles
 f - 2 curare-tipped needles
 i - 62 arrows
 w - 25 bolts
Armour
 c - a +0 robe (melded)
 d - a +0 cloak (melded)
 n - a +0 leather armour
Jewellery
 o - a ring of resist corrosion (melded)
Wands
 t - a wand of disintegration (7)
Scrolls
 k - 3 scrolls of remove curse
 l - 4 scrolls of identify {unknown}
 m - 2 scrolls of noise {unknown}
 p - a scroll of enchant weapon {unknown}
 q - 2 scrolls of magic mapping {unknown}
 u - a scroll of random uselessness {unknown}
 x - a scroll of fear {unknown}
Potions
 g - 5 potions of blood
 h - a potion of curing
 j - a potion of brilliance {unknown}
 s - a potion of invisibility {unknown}
 v - a potion of heal wounds {unknown}


   Skills:
 - Level 2.0 Fighting
 + Level 4.5 Short Blades
 - Level 1.5 Throwing
 + Level 3.7 Dodging
 * Level 11.0 Stealth
 + Level 0.5 Evocations


You had 6 spell levels left.
You didn't know any spells.

Dungeon Overview and Level Annotations

Branches:
Dungeon (7/15)             Temple (1/1) D:5

Altars:
Ashenzari
Cheibriados
Elyvilon
Fedhas
Gozag
Makhleb
Okawaru
Qazlal
Ru
Sif Muna
Trog
Uskayaw
Vehumet
Wu Jian
Xom
Yredelemnul
Zin
The Shining One

Annotations:
D:3 Ramireus's ghost, amateur HaHu
D:6 Sigmund


Innate Abilities, Weirdness & Mutations

You heal slowly.
You have razor-sharp teeth.
You have supernaturally acute eyesight. (SInv)
((You can survive without breathing.))


Message History

The killer bee barely misses you. The killer bee misses you.
You closely miss the killer bee. The killer bee misses you.
The killer bee stings you! The killer bee misses you.
The killer bee stings you. The killer bee stings you!
A necrophage comes into view.
You barely miss the killer bee. The killer bee stings you.
You are poisoned.
The killer bee poisons you! The killer bee completely misses you.
The killer bee stings you.
* * * LOW HITPOINT WARNING * * *
The killer bee closely misses you. x2; The killer bee completely misses you.
The killer bee closely misses you. The killer bee misses you.
You hit the killer bee but do no damage.
You feel sick.
The killer bee misses you. x2; The killer bee stings you!
* * * LOW HITPOINT WARNING * * *
The killer bee closely misses you.
The killer bee completely misses you. x2
The killer bee stings you.
* * * LOW HITPOINT WARNING * * *
The killer bee stings you!
You die...

...#### .........
....... ##.....#..
#.# # #8...$.n..
#.# # #..P.....#
#.# #
#........#####.####
..P...............
#yy.....#####'####
#by.....# #......#
#y###+#.# #......#
#.# #.# #......#
#.# #.# ###'####
#.# #.# #.# #.# #.#
#.# #.#
#.#####.#### #.#
#........... #.#
#.#####.####


You could see a necrophage and 4 killer bees.

Vanquished Creatures
  2 water moccasins (D:5)
  A phantom (D:4)
  An ice beast (D:5)
  A howler monkey (D:6)
  An iguana (D:4)
  4 worker ants
  A killer bee zombie (D:7)
  A worker ant zombie (D:2)
  4 adders
  3 dart slugs
  3 leopard geckos
  2 ball pythons
  7 giant cockroaches
  5 goblins
  5 hobgoblins
  10 jackals
  A quokka (D:3)
  4 bats
  3 frilled lizards
  A jackal skeleton (D:4)
  A jackal zombie (D:5)
  4 kobolds (D:1)
  2 leopard gecko skeletons
  A quokka skeleton (D:4)
  6 rats
74 creatures vanquished.

Vanquished Creatures (others)
  An orc wizard (D:6)
1 creature vanquished.

Grand Total: 75 creatures vanquished

Notes
Turn   | Place    | Note
-------+----------+-------------------------------------------
     0 | D:1      | Raybro228 the Vampire Assassin began the quest for the Orb.
     0 | D:1      | Reached XP level 1. HP: 16/16 MP: 1/1
    38 | D:1      | Reached skill level 6 in Stealth
   190 | D:1      | Reached XP level 2. HP: 22/22 MP: 2/2
   791 | D:1      | Reached skill level 7 in Stealth
   884 | D:1      | Reached XP level 3. HP: 27/27 MP: 3/3
  2097 | D:3      | Reached XP level 4. HP: 31/33 MP: 4/4
  2305 | D:3      | Noticed Ramireus's ghost (amateur HaHu)
  2887 | D:3      | Reached skill level 8 in Stealth
  3969 | D:4      | Reached XP level 5. HP: 38/38 MP: 5/5
  4330 | D:4      | Noticed a phantom
  4334 | D:4      | Killed a phantom
  4334 | D:4      | Reached skill level 9 in Stealth
  4671 | D:4      | Reached XP level 6. HP: 18/44 MP: 6/6
  5334 | D:5      | Entered Level 5 of the Dungeon
  5355 | D:5      | Found a staircase to the Ecumenical Temple.
  5364 | Temple   | Entered the Ecumenical Temple
  5967 | Temple   | Became a worshipper of Makhleb the Destroyer
  6100 | D:5      | Noticed a water moccasin
  6127 | D:5      | Killed a water moccasin
  6127 | D:5      | Reached skill level 10 in Stealth
  6283 | D:5      | Noticed an ice beast
  6316 | D:5      | Killed an ice beast
  6510 | D:5      | Noticed a water moccasin
  6522 | D:5      | Killed a water moccasin
  6522 | D:5      | Reached XP level 7. HP: 34/50 MP: 7/7
  6781 | D:6      | Found a sacrificial altar of Ru.
  6902 | D:6      | Found a stormy altar of Qazlal.
  7021 | D:6      | Noticed Sigmund
  7180 | D:7      | Reached skill level 11 in Stealth
  7584 | D:7      | HP: 1/50 [killer bee (2)]
  7584 | D:7      | Mangled by a killer bee

Skill      XL: |  1  2  3  4  5  6  7 |
---------------+----------------------+-----
Stealth        | 6 7 8 9 10 11 | 11.0
Fighting       | 2 |  2.0
Short Blades   | 3 4 |  4.5
Dodging        | 2 3 |  3.7
Throwing       | |  1.5
Evocations     | |  0.5

Action                   |  1- 3 |  4- 6 |  7- 9 || total
-------------------------+-------+-------+-------++-------
Melee: Dagger            |   121 |   158 |    50 ||   329
       Bite              |     7 |    17 |    10 ||    34
       Unarmed           |       |    16 |     3 ||    19
 Fire: Blowgun           |       |     3 |       ||     3
 Abil: Bat Form          |     1 |    22 |     6 ||    29
       End Transformatio |     1 |    22 |     5 ||    28
Evoke: Wand              |       |     8 |     3 ||    11
  Use: Potion            |     9 |     6 |     2 ||    17
       Scroll            |     3 |     1 |     1 ||     5
 Stab: Sleeping          |    13 |     4 |     4 ||    21
Armor: Robe              |    19 |     2 |     6 ||    27
       Leather armour    |    32 |    25 |       ||    57
Dodge: Dodged            |    86 |   111 |    58 ||   255
